 Seeded DCSS version 0.31-a0-229-g1fc7ce93e2 (webtiles) character file.

Game seed: 13937975146149139884 (custom seed)

440 innerfire43 the Trooper (level 6, -4/51 HPs)
             Began as a Demonspawn Monk on July 6, 2023.
             Was a Believer of Cheibriados.
             Slain by Menkaure (11 damage)
             ... on level 4 of the Dungeon.
             The game lasted 00:03:16 (2547 turns).

innerfire43 the Trooper (Demonspawn Monk)           Turns: 2547, Time: 00:03:16

Health: -4/51      AC: 11    Str: 26    XL:     6   Next: 70%
Magic:  6/6        EV: 14    Int: 17    God:    Cheibriados [**....]
Gold:   144        SH:  5    Dex: 21    Spells: 5/5 levels left

rFire   . . .        l - +0 trident (protect)
rCold   . . .        d - orb {light}
rNeg    . . .        v - +2 robe {Will+}
rPois   .            (no helmet)
rElec   .            (no cloak)
rCorr   .            (no gloves)
SInv    .            (no boots)
Will    +....        e - amulet of reflection
Stlth   +            q - +6 ring of strength
HPRegen 0.28/turn    (no ring)
MPRegen 0.10/turn

%: reflection
@: mighty, under a protective aura, glowing, very slow
A: weakness stinger 1
a: Renounce Religion, Bend Time


You were on level 4 of the Dungeon.
You worshipped Cheibriados.
Cheibriados was pleased with you.
You visited 1 branch of the dungeon, and saw 4 of its levels.

You collected 144 gold pieces.

Inventory:

Hand Weapons
 a - a +0 spear
 l - a +0 trident of protection (weapon)
Armour
 b - a +0 robe
 d - an orb of light (worn)
 v - a +2 robe of willpower (worn)
Jewellery
 e - an amulet of reflection (around neck)
 k - a ring of ice
 q - a +6 ring of strength (left hand)
Scrolls
 f - 4 scrolls of amnesia {unknown}
 g - a scroll of blinking {unknown}
 h - a scroll of torment {unknown}
 i - 4 scrolls of identify {unknown}
 j - 2 scrolls of revelation {unknown}
 m - 2 scrolls of brand weapon {unknown}
 s - a scroll of poison {unknown}
 t - 3 scrolls of noise {unknown}
 u - a scroll of butterflies {unknown}
Potions
 c - a potion of ambrosia
 o - a potion of brilliance {unknown}
 p - 2 potions of heal wounds {unknown}
 r - a potion of magic {unknown}
 w - a potion of mutation {unknown}
 x - 2 potions of haste {unknown}
 z - a potion of resistance


   Skills:
 + Level 5.0 Fighting
 * Level 4.8 Polearms
 + Level 4.2 Dodging


You had 5 spell levels left.
You didn't know any spells.
Your spell library contained the following spells:

 Spells                   Type           Power      Damage    Failure   Level
 Sandblast                Erth           0%         2d4       24%         1
 Passwall                 Tmut/Erth      0%         N/A       34%         2
 Stone Arrow              Conj/Erth      0%         3d7       56%         3


Dungeon Overview and Level Annotations

Branches:
Dungeon (4/15)
 Temple: D:4-7

Altars:
Cheibriados
Dithmenos

Annotations:
D:4 Menkaure


Innate Abilities, Weirdness & Mutations

You have a small tail.


Message History

The howler monkey barely misses you.
You hit the howler monkey.
Your tail-slap misses the howler monkey.
The howler monkey is almost dead.
The howler monkey hits you.
You hit the howler monkey.
You kill the howler monkey!
Cheibriados appreciates the change of pace.
No target in view!
Menkaure, Prince of Dust comes into view.
Menkaure is nearby!
You hit Menkaure.
Your weapon exudes an aura of protection.
Menkaure is lightly damaged.
Menkaure hums, "From dust you came, to dust you will return."
Menkaure barely misses you.
You hit Menkaure but do no damage.
Menkaure is lightly damaged.
Menkaure misses you.
You hit Menkaure.
Menkaure is moderately damaged.
Menkaure calls on the powers of darkness!
Your body is wracked with pain!
You are too injured to fight recklessly!
You are too injured to fight recklessly!
You are too injured to fight recklessly!
You hit Menkaure.
Menkaure is moderately damaged.
Menkaure hits you!!
* * * LOW HITPOINT WARNING * * *
You hit Menkaure.
Menkaure is heavily damaged.
Menkaure barely misses you.
It was a potion of might.
You feel very mighty all of a sudden.
Okay, then.
You hit Menkaure.
Your tail-slap misses Menkaure.
Menkaure is heavily damaged.
Menkaure hits you!
You die...

.##.#.##..##.##.#.......#......##
.........##..#........##....>..#
...##........#........###......#
####..####.........##..........#
.......###........##......#.....
##.......<...###†.## ....#
####.........###)..##....# .
##........#............
#...#....)...@#....##.
#..............#M.......
#......#...#..##........
.......###......#.#..##..
..###... ##.......##.# .. .. #..
#.(.....# .# .. #......... # ..
..........


You could see Menkaure.

Vanquished Creatures
  An ogre (D:4)
  A centaur (D:3)
  2 howler monkeys (D:4)
  An orc priest (D:4)
  A sleepcap (D:4)
  An orc wizard (D:4)
  An adder (D:2)
  4 worms
  3 dart slugs
  10 orcs
  7 endoplasms
  5 giant cockroaches
  5 goblins
  5 hobgoblins
  3 quokkas (D:2)
  10 ball pythons
  11 bats
  4 frilled lizards
  5 kobolds
  8 rats
88 creatures vanquished.

Notes
Turn   | Place    | Note
-------+----------+-------------------------------------------
     0 | D:1      | innerfire43 the Demonspawn Monk began the quest for the
                  | Orb.
     0 | D:1      | Reached XP level 1. HP: 18/18 MP: 1/1
   134 | D:1      | Gained mutation: You have a small tail. [demonic ancestry]
   134 | D:1      | Reached XP level 2. HP: 22/24 MP: 2/2
   222 | D:1      | Found a faded altar of an unknown god.
   547 | D:2      | Reached XP level 3. HP: 29/29 MP: 3/3
  1323 | D:2      | Reached XP level 4. HP: 25/37 MP: 4/4
  1575 | D:3      | Noticed a centaur
  1600 | D:3      | Killed a centaur
  1601 | D:3      | Reached skill level 4 in Fighting
  1601 | D:3      | Reached XP level 5. HP: 16/43 MP: 5/5
  1931 | D:3      | Found a shadowy altar of Dithmenos.
  1932 | D:3      | Found a snail-covered altar of Cheibriados.
  1961 | D:3      | Became a worshipper of Cheibriados the Contemplative
  1961 | D:3      | Reached * piety under Cheibriados
  1961 | D:3      | Reached ** piety under Cheibriados
  2506 | D:4      | Noticed an ogre
  2515 | D:4      | Killed an ogre
  2516 | D:4      | Reached XP level 6. HP: 42/50 MP: 6/6
  2526 | D:4      | Reached skill level 5 in Fighting
  2538 | D:4      | Noticed Menkaure
  2547 | D:4      | Slain by Menkaure

Illustrated notes

Levels and vault maps discovered:
D:1:      sevenhm_arrival_forest_fort_small_6, layout_rooms,
          hellmonk_ecumenical_altar_blasted
D:2:      kennysheep_big_flooded_room, layout_basic, minmay_circle_x
D:3:      layout_loops_ring, grunt_temple_overflow_open,
          hangedman_abyss_or_decor_lesser_grid
D:4:      layout_cave_pools, general_overflow_altar,
          minmay_temple_entry_nine_rooms, minmay_misc_feat_nine_boxes,
          uniq_menkaure

Skill      XL: |  1  2  3  4  5  6 |
---------------+-------------------+-----
Polearms       | 3 4 |  4.8
Dodging        | 3 4 |  4.2
Fighting       | 4 5 |  5.0

Action                     |  1- 3 |  4- 6 || total
---------------------------+-------+-------++-------
  Melee: Spear             |   141 |    46 ||   187
         Tailslap          |    13 |    19 ||    32
         Trident           |       |    84 ||    84
    Use: Potion            |       |     4 ||     4
   Stab: Sleeping          |     1 |       ||     1
 Armour: Robe              |    17 |    17 ||    34
  Dodge: Dodged            |    43 |    70 ||   113
  Block: Orb               |    20 |    26 ||    46

Table legend: (Time is in decaauts)
 A = Elapsed time spent in this place.
 B = Non-inter-level travel time spent in this place.
 C = Inter-level travel time spent in this place.
 D = Time resting spent in this place.
 E = Time spent auto-exploring this place.
 F = Levels seen in this place.
 G = Mean time per level.
                   A        B        C        D        E       F      G
               +--------+--------+--------+--------+--------+-----+--------+
         Total |   2787 |   2658 |    129 |      0 |   2106 |   4 |  696.8 |
       Dungeon |   2787 |   2658 |    129 |      0 |   2106 |   4 |  696.8 |
               +--------+--------+--------+--------+--------+-----+--------+

Top non-repeatable levels by time:
     D:2: 977 daAuts
     D:3: 921 daAuts
     D:1: 488 daAuts
     D:4: 399 daAuts
